 Dungeon Crawl Stone Soup version 0.30-a0-459-g9104f0fc43 (webtiles) character file.

Game seed: 17630905618245261702

459 cforsyth the Shield-Bearer (level 6, 0/62 HPs)
             Began as a Troll Fighter on Dec 15, 2022.
             Succumbed to a water moccasin's poison
             ... on level 4 of the Dungeon.
             The game lasted 00:02:55 (2129 turns).

cforsyth the Shield-Bearer (Troll Fighter)          Turns: 2129, Time: 00:02:55

Health: 0/62       AC:  4    Str: 25    XL:     6   Next: 78%
Magic:  5/5        EV:  9    Int:  6    God:
Gold:   165        SH:  7    Dex:  9    Spells: 5/5 levels left

rFire   + . .      SeeInvis .      - Unarmed
rCold   . . .      Faith    .    b - +0 kite shield
rNeg    . . .      Spirit   .    a - +0 robe
rPois   .          Reflect  .    (helmet restricted)
rElec   .          Harm     .    (no cloak)
rCorr   .          Rampage  .    (gloves unavailable)
Will    .....                    (boots unavailable)
Stlth   +.........               (no amulet)
HPRegen 1.10/turn                e - ring of protection from fire
MPRegen 0.09/turn                (no ring)

@: lethally poisoned (0 -> -7), weakened
A: large, unfitting armour, claws 3, regeneration 1, shaggy fur 1, tough skin 1
a: no special abilities


You were on level 4 of the Dungeon.
You visited 1 branch of the dungeon, and saw 4 of its levels.

You collected 165 gold pieces.

Inventory:

Armour
 a - a +0 robe (worn)
 b - a +0 kite shield (worn)
Jewellery
 e - a ring of protection from fire (left claw)
 m - a ring of ice
 x - a ring of wizardry
Wands
 u - a wand of iceblast (9)
 y - a wand of digging (6)
Scrolls
 d - 4 scrolls of fear {unknown}
 f - 6 scrolls of identify {unknown}
 h - a scroll of silence {unknown}
 i - a scroll of blinking {unknown}
 j - a scroll of poison {unknown}
 k - a scroll of enchant weapon {unknown}
 n - a scroll of teleportation {unknown}
 s - a scroll of fog {unknown}
 t - a scroll of magic mapping {unknown}
 v - a scroll of vulnerability {unknown}
 w - a scroll of brand weapon {unknown}
Potions
 c - 2 potions of might
 g - 3 potions of curing {unknown}
 l - a potion of mutation {unknown}
 o - a potion of magic {unknown}
 p - a potion of flight {unknown}
 q - 2 potions of degeneration {unknown}
 r - a potion of lignification {unknown}
 z - a potion of heal wounds {unknown}


   Skills:
 + Level 3.8 Fighting
 + Level 3.8 Dodging
 + Level 4.1 Shields
 + Level 4.0 Unarmed Combat


You had 5 spell levels left.
You didn't know any spells.
Your spell library contained the following spells:

 Spells                   Type           Power      Damage    Failure   Level
 Magic Dart               Conj           0%         1d3       75%         1
 Slow                     Hex            0%         N/A       75%         1
 Cigotuvi's Dreadful Rot  Necr/Pois/Air  0%         N/A       86%         2
 Poisonous Vapours        Pois/Air       0%         N/A       86%         2
 Searing Ray              Conj           0%         2d4       86%         2
 Call Canine Familiar     Summ           0%         N/A       98%         3
 Confusing Touch          Hex            0%         N/A       98%         3
 Mephitic Cloud           Conj/Pois/Air  0%         N/A       98%         3
 Portal Projectile        Hex/Tloc       0%         N/A       98%         3
 Vampiric Draining        Necr           0%         2d6       98%         3
 Fulminant Prism          Conj/Hex       0%         3d5       100%        4
 Leda's Liquefaction      Hex/Erth       0%         N/A       100%        4


Dungeon Overview and Level Annotations

Branches:
Dungeon (4/15)
 Temple: D:4-7

Altars:


Innate Abilities, Weirdness & Mutations

You are too large for most types of armour.
You have claws for hands.
Your natural rate of healing is unusually fast.
You are covered in fur. (AC +1)
You have tough skin. (AC +1)


Message History

The water moccasin is heavily wounded.
Your attacks no longer feel as feeble.
You feel sick. The water moccasin barely misses you.
The water moccasin bites you.
You miss the water moccasin.
The water moccasin is heavily wounded.
You feel sick.
The water moccasin bites you but does no damage.
You miss the water moccasin.
The water moccasin is heavily wounded.
You feel sick. The water moccasin bites you.
You are more poisoned.
The water moccasin poisons you!
You scratch the water moccasin.
The water moccasin is severely wounded.
You feel very sick. The water moccasin bites you.
* * * LOW HITPOINT WARNING * * *
You are lethally poisoned!
The water moccasin poisons you!
The water moccasin bites you but does no damage.
You closely miss the water moccasin.
The water moccasin is severely wounded.
You hear the slow hiss of a very distant avalanche of sand.
* * * LOW HITPOINT WARNING * * *
You feel very sick. The water moccasin bites you.
* * * LOW HITPOINT WARNING * * *
You barely miss the water moccasin.
The water moccasin is severely wounded.
* * * LOW HITPOINT WARNING * * *
You feel very sick.
The water moccasin bites you but does no damage.
You block the water moccasin's attack.
The gnoll bouda gazes fiercely through you!
You feel your attacks grow feeble.
Unknown command.
You miss the water moccasin.
The water moccasin is severely wounded.
You die...

.......>....))....##
.........#.#.#.##..#
.........######.##.#
.........# ##..#
.........# #..##
########## #.##
#..## #!.#.###..#
#...gS@.## #########


You could see a water moccasin and a gnoll bouda.

Vanquished Creatures
  Grinder (D:3)
  A scorpion (D:4)
  2 hounds (D:4)
  An iguana (D:4)
  Ijyb (D:3)
  2 adders (D:3)
  An ufetubus (D:4)
  A worm (D:2)
  6 dart slugs
  An orc (D:3)
  6 ball pythons
  6 endoplasms
  A giant cockroach (D:2)
  3 goblins
  4 hobgoblins (D:1)
  8 kobolds
  5 quokkas
  10 bats
  5 frilled lizards
  5 rats
  A spectral kobold (D:2)
71 creatures vanquished.

Notes
Turn   | Place    | Note
-------+----------+-------------------------------------------
     0 | D:1      | cforsyth the Troll Fighter began the quest for the Orb.
     0 | D:1      | Reached XP level 1. HP: 22/22 MP: 0/0
    35 | D:1      | Reached XP level 2. HP: 29/29 MP: 1/1
   224 | D:1      | Reached XP level 3. HP: 36/36 MP: 2/2
   491 | D:2      | Found a faded altar of an unknown god.
  1256 | D:3      | Reached XP level 4. HP: 44/44 MP: 3/3
  1357 | D:3      | Noticed Grinder
  1360 | D:3      | Paralysed by Grinder for 4 turns
  1377 | D:3      | Killed Grinder
  1378 | D:3      | Reached XP level 5. HP: 34/53 MP: 4/4
  1533 | D:3      | Reached XP level 6. HP: 61/61 MP: 5/5
  1717 | D:3      | Noticed Ijyb
  1736 | D:3      | Killed Ijyb
  2111 | D:4      | Noticed a water moccasin
  2128 | D:4      | HP: 3/62 [poisoned by a water moccasin]
  2129 | D:4      | Succumbed to a water moccasin's poison

Illustrated notes

Levels and vault maps discovered:
D:1:      elethiomel_arrival_shortcut, layout_basic
D:2:      layout_loops_ring, dreamdust_ecumenical_altar_drowned_temple,
          nrook_uturn
D:3:      layout_loops_ring, kennysheep_generic_room_8, uniq_ijyb, uniq_grinder
D:4:      layout_rooms, serial_rivers, chequers_serial_rivers_large_a,
          chequers_serial_rivers_small_b, chequers_serial_rivers_micro_c,
          chequers_serial_rivers_small_3, chequers_serial_rivers_micro_c,
          nicolae_ossuary_entry_catacombs, serial_shops, shop,
          minmay_small_thing

Skill      XL: |  1  2  3  4  5  6 |
---------------+-------------------+-----
Shields        | 3 4 |  4.1
Fighting       | 3 |  3.8
Dodging        | 3 |  3.8
Unarmed Combat | 3 4 |  4.0

Action                   |  1- 3 |  4- 6 || total
-------------------------+-------+-------++-------
Melee: Unarmed           |   108 |    95 ||   203
Armor: Robe              |    31 |    26 ||    57
Dodge: Dodged            |    32 |    35 ||    67
Block: Kite shield       |    42 |    35 ||    77

Table legend: (Time is in decaauts)
 A = Elapsed time spent in this place.
 B = Non-inter-level travel time spent in this place.
 C = Inter-level travel time spent in this place.
 D = Time resting spent in this place.
 E = Time spent auto-exploring this place.
 F = Levels seen in this place.
 G = Mean time per level.
                   A        B        C        D        E       F      G
               +--------+--------+--------+--------+--------+-----+--------+
         Total |   2143 |   2067 |     76 |      0 |   1474 |   4 |  535.8 |
       Dungeon |   2143 |   2067 |     76 |      0 |   1474 |   4 |  535.8 |
               +--------+--------+--------+--------+--------+-----+--------+

Top non-repeatable levels by time:
     D:2: 741 daAuts
     D:3: 704 daAuts
     D:1: 493 daAuts
     D:4: 203 daAuts
